 Dungeon Crawl Stone Soup version 0.27-a0-216-g1fbed8a51c (webtiles) character file.

Game seed: 10085728383548207038

411 dolemite99 the Cutter (level 6, -2/47 HPs)
             Began as a Demonspawn Fighter on Feb 1, 2021.
             Splashed by a jelly's acid (10 damage)
             ... on level 5 of the Dungeon.
             The game lasted 00:04:50 (4808 turns).

dolemite99 the Cutter (Demonspawn Fighter)          Turns: 4808, Time: 00:04:51

Health: -2/47      AC: -3    Str: 18    XL:     6   Next: 58%
Magic:  6/6        EV:  4    Int: 10    God:
Gold:   205        SH:  8    Dex: 12    Spells: 5/5 levels left

rFire    . . .     SeeInvis .   a - +0 rapier
rCold    . . .     Faith    .   c - +0 kite shield
rNeg     . . .     Spirit   .   f - +0 chain mail
rPois    .         Reflect  .   (helmet restricted)
rElec    .         Harm     .   (no cloak)
rCorr    .         Rampage  .   (no gloves)
Will     .....                  (no boots)
Stlth    ..........             (no amulet)
HPRegen  0.15/turn              (no ring)
MPRegen  0.10/turn              (no ring)

@: mighty, corroded
A: antennae 1, claws 1, powered by pain 1
a: no special abilities


You were on level 5 of the Dungeon.
You visited 1 branch of the dungeon, and saw 5 of its levels.

You collected 205 gold pieces.

Inventory:

Hand Weapons
 a - a +0 rapier (weapon)
 b - a +2 short sword of venom
 x - a +4 falchion of draining
Missiles
 d - 28 bolts
 h - 102 stones (quivered)
 k - 32 sling bullets
 s - 9 boomerangs
Armour
 c - a +0 kite shield (worn)
 f - a +0 chain mail (worn)
 w - a +0 scale mail
Jewellery
 l - an uncursed ring of willpower {unknown}
 m - an uncursed amulet of guardian spirit {unknown}
Wands
 o - a wand of flame (27)
Scrolls
 e - a scroll of fog {unknown}
 g - a scroll of blinking {unknown}
 n - 2 scrolls of magic mapping {unknown}
 q - 6 scrolls of identify {unknown}
 u - a scroll of enchant weapon {unknown}
Potions
 i - a potion of attraction {unknown}
 j - 6 potions of curing {unknown}
 p - a potion of ambrosia {unknown}
 r - a potion of flight {unknown}
 t - a potion of degeneration {unknown}
 v - a potion of brilliance {unknown}


   Skills:
 - Level 3.0 Fighting
 + Level 6.5 Short Blades
 - Level 2.6 Armour
 - Level 2.6 Shields


You had 5 spell levels left.
You didn't know any spells.
Your spell library was empty.

Dungeon Overview and Level Annotations

Branches:
Dungeon (5/15)
 Temple: D:4-7

Altars:


Innate Abilities, Weirdness & Mutations

You have a pair of small antennae on your head.
You have sharp fingernails.
You sometimes gain a little power by taking damage.


Message History

The jelly hits you but does no damage.
You puncture the jelly! The acid corrodes you!
Your claws burn!
The jelly is severely wounded.
The jelly barely misses you.
You hit the jelly but do no damage. The acid corrodes you!
Your claws burn!
The jelly is severely wounded.
The jelly hits you. The acid corrodes you!
You are splashed with acid!
You hit the jelly but do no damage.
Your claws burn!
The jelly is severely wounded.
The jelly completely misses you.
You hit the jelly but do no damage.
Your claws burn!
The jelly is severely wounded.
The jelly hits you.
You are splashed with acid!
* * * LOW HITPOINT WARNING * * *
You focus on the pain.
You feel very mighty all of a sudden. The jelly hits you.
* * * LOW HITPOINT WARNING * * *
You are splashed with acid!
You die...

.........# .........#
.........# .........#
.........# #####
........##########....#
.#....................#
######......###..#.#####
..###..#########@.......
.............. #J.......
.....#........ .........
..............##........
###.#......... ......###
.....#........ ....###
.##..#......<.......
.##....######........
.####.........#


You could see a jelly.

Vanquished Creatures
  A bullfrog zombie (D:5)
  2 orc priests
  2 orc wizards (D:5)
  A worker ant (D:5)
  4 gnolls (D:4)
  9 adders
  2 white imps (D:5)
  A worm (D:3)
  4 dart slugs
  4 leopard geckos
  17 orcs
  A ball python (D:3)
  7 giant cockroaches
  4 hobgoblins
  3 jackals (D:2)
  5 kobolds
  2 quokkas
  6 bats
  5 frilled lizards
  6 goblins
  A leopard gecko zombie (D:5)
  A rat (D:1)
88 creatures vanquished.

Notes
Turn   | Place    | Note
-------+----------+-------------------------------------------
     0 | D:1      | dolemite99 the Demonspawn Fighter began the quest for the
                  | Orb.
     0 | D:1      | Reached XP level 1. HP: 18/18 MP: 1/1
    50 | D:1      | Reached skill level 2 in Short Blades
   139 | D:1      | Gained mutation: You sometimes gain a little power by
                  | taking damage. [demonic ancestry]
   139 | D:1      | Reached XP level 2. HP: 15/24 MP: 2/2
   886 | D:2      | Reached skill level 3 in Short Blades
   929 | D:2      | Reached XP level 3. HP: 24/29 MP: 3/3
  1465 | D:2      | Reached skill level 4 in Short Blades
  1465 | D:2      | Gained mutation: You have a pair of small antennae on your
                  | head. [demonic ancestry]
  1465 | D:2      | Reached XP level 4. HP: 28/35 MP: 4/4
  1629 | D:2      | You fall into a shaft and drop 1 floor!
  1915 | D:4      | Reached XP level 5. HP: 15/41 MP: 5/5
  2574 | D:3      | Reached skill level 5 in Short Blades
  4212 | D:5      | Entered Level 5 of the Dungeon
  4253 | D:5      | Gained mutation: You have sharp fingernails. [demonic
                  | ancestry]
  4253 | D:5      | Reached XP level 6. HP: 42/47 MP: 6/6
  4269 | D:5      | Reached skill level 6 in Short Blades
  4808 | D:5      | Splashed by a jelly's acid

Illustrated notes

Levels and vault maps discovered:
D:1:      minmay_arrival_solitary_statue, layout_basic
D:2:      minmay_alternating_diamond, layout_basic
D:3:      layout_loops_ring
D:4:      layout_cave_pools, minmay_misc_feat_rows, chequers_jeans
D:5:      layout_rooms

Skill      XL: |  1  2  3  4  5  6 |
---------------+-------------------+-----
Short Blades   | 2 3 4 5 6 |  6.5
Fighting       | |  3.0
Armour         | |  2.6
Shields        | |  2.6

Action                   |  1- 3 |  4- 6 || total
-------------------------+-------+-------++-------
Melee: Rapier            |    86 |   241 ||   327
       Short sword       |       |    26 ||    26
Throw: Stone             |     3 |    16 ||    19
  Use: Potion            |       |     2 ||     2
Armor: Chain mail        |    61 |   166 ||   227
Dodge: Dodged            |    10 |    61 ||    71
Block: Kite shield       |    41 |   112 ||   153

Table legend: (Time is in decaauts)
 A = Elapsed time spent in this place.
 B = Non-inter-level travel time spent in this place.
 C = Inter-level travel time spent in this place.
 D = Time resting spent in this place.
 E = Time spent auto-exploring this place.
 F = Levels seen in this place.
 G = Mean time per level.
                   A        B        C        D        E       F      G
               +--------+--------+--------+--------+--------+-----+--------+
         Total |   4885 |   4828 |     57 |   1645 |   2118 |   5 |  977.0 |
       Dungeon |   4885 |   4828 |     57 |   1645 |   2118 |   5 |  977.0 |
               +--------+--------+--------+--------+--------+-----+--------+

Top non-repeatable levels by time:
     D:4: 1358 daAuts
     D:3: 1269 daAuts
     D:2: 844 daAuts
     D:1: 816 daAuts
     D:5: 596 daAuts
